 Dungeon Crawl Stone Soup version 0.30.1-9-gdf580d7c3d (webtiles) character file.

Game seed: 16063043832953607393

823 ChiefBigBeans the Trooper (level 7, -4/72 HPs)
             Began as a Troll Fighter on Sept 26, 2023.
             Slain by an orc
             ... wielding a +3 trident of venom
              (10 damage)
             ... on level 4 of the Dungeon.
             The game lasted 00:06:18 (2371 turns).

ChiefBigBeans the Trooper (Troll Fighter)           Turns: 2371, Time: 00:06:18

Health: -4/72      AC:  5    Str: 31    XL:     7   Next: 63%
Magic:  6/6        EV:  9    Int:  4    God:
Gold:   101        SH:  8    Dex: 11    Spells: 6/6 levels left

rFire   . . .        h - +8 whip "Goutimoty" {pain, rN+ Str+6}
rCold   . . .        b - +0 kite shield
rNeg    + . .        a - +0 robe
rPois   .            (helmet restricted)
rElec   .            k - +0 cloak
rCorr   .            (gloves unavailable)
SInv    .            (boots unavailable)
Will    .....        (no amulet) Stlth
                     (no ring)
HPRegen 1.12/turn    (no ring)
MPRegen 0.10/turn

%: no passive effects
@: silenced, weak-willed
A: large, unfitting armour, claws 3, regeneration 1, shaggy fur 1, tough skin 1
a: no special abilities


You were on level 4 of the Dungeon.
You visited 1 branch of the dungeon, and saw 6 of its levels.

You collected 101 gold pieces.

Inventory:

Hand Weapons
 h - the +8 whip "Goutimoty" (weapon) {pain, rN+ Str+6}
   (You found it on level 2 of the Dungeon)

   Str:       It affects your strength (+6).
   rN:        It protects you from negative energy.
Armour
 a - a +0 robe (worn)
 b - a +0 kite shield (worn)
 k - a +0 cloak (worn)
Wands
 q - a wand of digging (8)
 s - a wand of polymorph (2)
Scrolls
 c - 2 scrolls of vulnerability
 f - 3 scrolls of identify
 o - a scroll of amnesia {unknown}
 p - a scroll of blinking {unknown}
 r - 3 scrolls of enchant armour {unknown}
Potions
 d - 2 potions of degeneration {unknown}
 e - 4 potions of lignification
 j - 2 potions of flight {unknown}
 m - 2 potions of haste {unknown}


   Skills:
 + Level 5.6 Fighting
 + Level 5.1 Maces & Flails
 - Level 2.4 Dodging
 - Level 2.6 Shields
 - Level 2.7 Unarmed Combat


You had 6 spell levels left.
You didn't know any spells.
Your spell library contained the following spells:

 Spells                   Type           Power      Damage    Failure   Level
 Necrotise                Necr           0%         1d4       73%         1
 Vampiric Draining        Necr           0%         2d6       97%         3
 Agony                    Necr           0%         N/A       100%        5


Dungeon Overview and Level Annotations

Branches:
Dungeon (6/15)
 Temple: D:4-7

Altars:
Sif Muna

Annotations:
D:4 2 runed translucent doors, mortz's ghost, amateur KoEE


Innate Abilities, Weirdness & Mutations

You are too large for most types of armour.
You have claws for hands.
Your natural rate of healing is unusually fast.
You are covered in fur. (AC +1)
You have tough skin. (AC +1)


Message History

As you read the scroll labelled ETHRA PAARCHUSA, it crumbles to dust.
Magic quickly surges around you.
It was a scroll of vulnerability.
You feel sick. The orc barely misses you. You block something's attack.
The orc wizard casts a spell at you. You resist with significant effort.
The orc hits you with a +3 trident of venom!
* * * LOW HITPOINT WARNING * * *
You are more poisoned.
A goblin comes into view. It is wielding a +0 dagger.
The air fills with toxic fumes!
As you read the scroll labelled GIN LYETZAE, it crumbles to dust.
It was a scroll of poison.
You feel very sick.
The goblin shouts!
The orc barely misses you.
The orc wizard hits you with a +2 dagger of electrocution.
* * * LOW HITPOINT WARNING * * *
The orc hits you with a +3 trident of venom.
* * * LOW HITPOINT WARNING * * *
You are more poisoned.
You hear some strange, mumbled words.
Something tries to affect you, but you resist.
Okay, then.
You feel better. You block the orc's attack.
The orc wizard gestures at you while chanting.
The puff of flame hits you!
* * * LOW HITPOINT WARNING * * *
You block the orc's attack. Something hits you but does no damage.
As you read the scroll labelled QUOXKYUCVA, it crumbles to dust.
You feel aware of your surroundings.
It was a scroll of magic mapping.
The orc hits you with a +0 club.
* * * LOW HITPOINT WARNING * * *
The orc wizard barely misses you. You block the orc's attack.
Something hits you.
* * * LOW HITPOINT WARNING * * *
As you read the scroll labelled LIYTUI GONULA, it crumbles to dust.
A profound silence engulfs you.
It was a scroll of silence.
You block the orc's attack. The orc wizard closely misses you.
The orc hits you with a +3 trident of venom!
You die...

**,.....#* *#§§§§§§####*### *###
##§.§§§§§§§,,..####≈.#*
#§§§§§§§§§,,,....#.~#.*
##§§§#§§§§#***#...#.8..*
*#§§§§§§§§§#####...+~..$,
*********§§§§§§§§§§§§#§§†..+.#..*
,,,,,,,,,§§§§§§o§o§§§§§§)..#....~
,,,,,,,,,§§§§§§.@o§§§§§§#..#~§§#*
,,,,,,,,,g§§§§§§§§§§§§§§####~##≈*
,,,,,,,,,§§§§§§§§§§§§§§§#* **#***
,,,,,,,,,§§§§§§§§§§§##§§.#**,,,,,
,,***,,,,###§§§§§§§§###§...,,,**,
,,* **,,** ##§§§##§§§*##....,****
,** *,,* #§§§*##§§§**#....* * ,*
*,,* #§§§* ###§§**....* ,* *,,*
**,,** *,,,,,,,,**


You could see an orc wizard (weak-willed), 2 orcs and a goblin.

Vanquished Creatures
  Grinder (D:3)
  Menkaure (D:5)
  A water moccasin (D:6)
  A jelly (D:4)
  2 hounds
  An orc priest (D:4)
  Crazy Yiuf (D:2)
  An orc wizard (D:4)
  Natasha (thrice) (D:3)
  Terence (D:3)
  Robin (D:2)
  6 adders
  A worm (D:2)
  A dart slug (D:3)
  2 orcs
  3 ball pythons (D:1)
  8 bats
  6 endoplasms
  4 giant cockroaches
  13 goblins
  10 hobgoblins
  2 quokkas
  A frilled lizard (D:3)
  4 kobolds
  4 rats
79 creatures vanquished.

Notes
Turn   | Place    | Note
-------+----------+-------------------------------------------
     0 | D:1      | ChiefBigBeans the Troll Fighter began the quest for the
                  | Orb.
     0 | D:1      | Reached XP level 1. HP: 22/22 MP: 0/0
   134 | D:1      | Reached XP level 2. HP: 29/29 MP: 1/1
   470 | D:2      | Identified the +8 whip "Goutimoty" {pain, rN+ Str+6}
   489 | D:2      | Noticed Robin
   493 | D:2      | Reached XP level 3. HP: 36/37 MP: 2/2
   589 | D:2      | Killed Robin
   590 | D:2      | Reached skill level 1 in Maces & Flails
   715 | D:2      | Reached XP level 4. HP: 43/45 MP: 3/3
   900 | D:2      | Found a shimmering blue altar of Sif Muna.
  1032 | D:2      | Found a runed translucent door.
  1033 | D:2      | Noticed Crazy Yiuf
  1041 | D:2      | Killed Crazy Yiuf
  1109 | D:3      | Noticed Grinder
  1121 | D:3      | Killed Grinder
  1122 | D:3      | Reached XP level 5. HP: 32/55 MP: 4/4
  1122 | D:3      | Reached XP level 6. HP: 37/63 MP: 5/5
  1259 | D:3      | Noticed Terence
  1268 | D:3      | Killed Terence
  1370 | D:3      | You fall into a shaft and drop 3 floors!
  1453 | D:6      | Noticed a water moccasin
  1550 | D:6      | Noticed a water moccasin
  1562 | D:5      | Entered Level 5 of the Dungeon
  1562 | D:5      | Noticed Menkaure
  1566 | D:6      | Killed a water moccasin
  1610 | D:5      | Killed Menkaure
  1611 | D:5      | Reached skill level 5 in Fighting
  1611 | D:5      | Reached XP level 7. HP: 72/72 MP: 6/6
  2057 | D:3      | Noticed Natasha
  2079 | D:3      | Killed Natasha
  2170 | D:3      | Noticed Natasha
  2174 | D:3      | Killed Natasha
  2256 | D:3      | Noticed Natasha
  2271 | D:3      | Killed Natasha
  2311 | D:4      | Found a large runed translucent door.
  2311 | D:4      | Found a large runed translucent door.
  2322 | D:4      | Reached skill level 5 in Maces & Flails
  2322 | D:4      | Noticed mortz's ghost (amateur KoEE)
  2371 | D:4      | Slain by an orc

Illustrated notes

Levels and vault maps discovered:
D:1:      psy_arrival_basics, layout_rooms, kennysheep_crisscross
D:2:      layout_basic, basic_altar, uniq_robin, uniq_crazy_yiuf_cottage
D:3:      layout_loops_cross, uniq_grinder, uniq_terence, uniq_natasha
D:4:      layout_layer_cave, ebering_ghost_disaster_area
D:5:      layout_basic, mainiacjoe_overflow_six_doors_small,
          minmay_a_box_with_orc_wizards_in_it, uniq_menkaure
D:6:      layout_layer_cave, mainiacjoe_overflow_alcove_1,
          nicolae_ru_awakened_eye, nicolae_sextant, uniq_duvessa, uniq_maggie

Skill      XL: |  1  2  3  4  5  6  7 |
---------------+----------------------+-----
Fighting       | 3 4 5 |  5.6
Maces & Flails | 1 3 4 5 |  5.1
Dodging        | |  2.4
Shields        | |  2.6
Unarmed Combat | |  2.7

Action                     |  1- 3 |  4- 6 |  7- 9 || total
---------------------------+-------+-------+-------++-------
  Melee: Unarmed           |    37 |       |    11 ||    48
         Whip              |    36 |    49 |    68 ||   153
    Use: Scroll            |     4 |       |     4 ||     8
         Potion            |     2 |     1 |     2 ||     5
 Armour: Robe              |    19 |    15 |    16 ||    50
         Skin              |       |       |     2 ||     2
  Dodge: Dodged            |    27 |    13 |    65 ||   105
  Block: Kite shield       |    32 |    19 |    40 ||    91
